cohdb
Replays
Latest Replays
All Replays
Popular Replays
Top Player Replays
Match Explorer
How It Works
Community
CoH3 Stats
Reddit
Sign in to upload your games and track your stats! →
Sign in with Steam
Match 43696113
Unlisted
Match 43696113
Overview
Messages
Build Orders
End
Pioneer Squad
Construct Infanterie Kompanie
MG 42 Machine Gun Team
Selects Terror Battlegroup
Selects Machine Gun Camouflage
MG 42 Machine Gun Team
MG 42 Machine Gun Team
MG 42 Machine Gun Team
Construct Panzergrenadier Kompanie
Medical Station
Infanterie Officer Quarters
Support Elements
Pioneer Squad
Selects Defend the Fatherland
Medical Bunker
StuG III G Assault Gun
MG 42 Machine Gun Team
Nebelwerfer 42 Rocket Launcher Team
Nebelwerfer 42 Rocket Launcher Team
Panzergrenadier Officer Quarters
StuG III G Assault Gun
StuG III G Assault Gun
StuG III G Assault Gun
Side Skirts
Selects King Tiger Heavy Tank
Selects Interrogate
King Tiger Heavy Tank
Pioneer Squad
Repair Bunker
Selects Propaganda Leaflet Drop
MG 42 Machine Gun Team
StuG III G Assault Gun
MG 42 Machine Gun Team
Selects V1 Rocket Strike
StuG III G Assault Gun
Pioneer Squad
MG 42 Machine Gun Team
Propaganda Leaflet Drop
BlueSkidrow™
Nicko
lattouf
HelpingHans
0
0
Comments
sign in to comment!
No comments posted yet!